 Dungeon Crawl Stone Soup version 0.30-a0-830-gfe289a77b0 (webtiles) character file.

Game seed: 12589686487226289370

1411 zenocrate the Skirmisher (level 8, -4/64 HPs)
             Began as a Gnoll Hunter on Mar 1, 2023.
             Was an Initiate of Makhleb.
             Killed from afar by an orc wizard (6 damage)
             ... with a puff of flame
             ... on level 6 of the Dungeon.
             The game lasted 00:04:52 (6174 turns).

zenocrate the Skirmisher (Gnoll Hunter)             Turns: 6174, Time: 00:04:53

Health: -4/64      AC:  3    Str: 16    XL:     8   Next: 70%
Magic:  13/13      EV: 15    Int: 14    God:    Makhleb [......]
Gold:   312        SH:  0    Dex: 18    Spells: 14/14 levels left

rFire   . . .      SeeInvis .    a - +0 shortbow
rCold   . . .      Faith    .    (shield currently unavailable)
rNeg    . . .      Spirit   .    r - +1 robe "Dunutzeg" {Int+5}
rPois   .          Reflect  .    (no helmet)
rElec   .          Harm     .    (no cloak)
rCorr   +          Rampage  .    (no gloves)
Will    .....                    (no boots)
Stlth   +++                      (no amulet)
HPRegen 0.30/turn                m - +6 ring of strength
MPRegen 0.13/turn                v - ring of resist corrosion

@: lethally poisoned (-4 -> -13)
A: fangs 1, strong nose, distributed training
a: Renounce Religion


You were on level 6 of the Dungeon.
You worshipped Makhleb.
Makhleb was noncommittal.
You visited 2 branches of the dungeon, and saw 7 of its levels.

You collected 312 gold pieces.

Inventory:

Hand Weapons
 a - a +0 shortbow (weapon)
Missiles
 n - a throwing net
Armour
 c - a +0 leather armour
 r - the +1 robe "Dunutzeg" (worn) {Int+5}
   (You found it on level 4 of the Dungeon)

   Int:       It affects your intelligence (+5).
Jewellery
 m - a +6 ring of strength (left hand)
 v - a ring of resist corrosion (right hand)
Wands
 w - a wand of roots (7)
 z - a wand of polymorph (11)
Scrolls
 b - 2 scrolls of immolation
 d - a scroll of silence {unknown}
 e - 2 scrolls of poison
 f - 2 scrolls of magic mapping {unknown}
 h - 2 scrolls of enchant weapon {unknown}
 k - 2 scrolls of fog
 o - a scroll of fear {unknown}
 p - 2 scrolls of noise {unknown}
 q - 2 scrolls of summoning {unknown}
 s - a scroll of amnesia {unknown}
 t - 2 scrolls of teleportation {unknown}
 u - a scroll of blinking {unknown}
 x - a scroll of vulnerability {unknown}
Potions
 i - 3 potions of invisibility
 j - a potion of flight
 l - 3 potions of brilliance
 A - a potion of attraction


   Skills:
 + Level 5.9 Fighting
 + Level 3.6 Short Blades
 + Level 3.6 Long Blades
 + Level 3.6 Axes
 + Level 3.6 Maces & Flails
 + Level 3.6 Polearms
 + Level 3.6 Staves
 + Level 9.3 Ranged Weapons
 + Level 3.6 Throwing
 + Level 3.6 Armour
 + Level 5.9 Dodging
 + Level 4.4 Stealth
 + Level 3.6 Shields
 + Level 3.6 Unarmed Combat
 + Level 3.6 Spellcasting
 + Level 3.0 Conjurations
 + Level 3.0 Hexes
 + Level 3.0 Summonings
 + Level 3.0 Necromancy
 + Level 3.0 Translocations
 + Level 3.0 Transmutations
 + Level 3.0 Fire Magic
 + Level 3.0 Ice Magic
 + Level 3.0 Air Magic
 + Level 3.0 Earth Magic
 + Level 3.0 Poison Magic
 + Level 4.0 Invocations
 + Level 3.6 Evocations


You had 14 spell levels left.
You didn't know any spells.
Your spell library contained the following spells:

 Spells                   Type           Power      Damage    Failure   Level
 Dazzling Flash           Conj/Hex       22%        N/A       17%         3
 Iskenderun's Mystic Bla  Conj/Tloc      11%        2d4       50%         4
 Summon Ice Beast         Ice/Summ       11%        N/A       50%         4
 Summon Mana Viper        Hex/Summ       11%        N/A       85%         5
 Starburst                Conj/Fire      5%         6d4       100%        6
 Monstrous Menagerie      Summ           5%         N/A       100%        7


Dungeon Overview and Level Annotations

Branches:
Dungeon (6/15)             Temple (1/1) D:4

Altars:
Ashenzari
Dithmenos
Elyvilon
Fedhas
Gozag
Hepliaklqana
Kikubaaqudgha
Makhleb
Okawaru
Qazlal
Sif Muna
Uskayaw
Vehumet
Wu Jian
Xom
Yredelemnul
Zin

Shops:
D:5 :


Innate Abilities, Weirdness & Mutations

You have very sharp teeth.
Your uncanny sense of smell can sniff out nearby items.
Your experience applies equally to all skills.


Message History

A magic dart appears from out of thin air!
The magic dart hits you!
You are too injured to fight recklessly!
You shoot an arrow. The arrow hits the orc!
You kill the orc!
Makhleb accepts your kill.
You feel sick.
You hear some strange, mumbled words.
You are confused.
You are too injured to fight recklessly!
You bump into the rock wall.
You feel sick. Something hits you.
You are more poisoned.
You are too injured to fight recklessly!
You clumsily bash something but do no damage.
Your bite misses something.
You feel very sick. Something hits you.
* * * LOW HITPOINT WARNING * * *
You miss something. Your bite misses something.
You feel very sick. Something barely misses you. x2
You miss something. Your bite misses something.
You feel sick. Something hits you.
* * * LOW HITPOINT WARNING * * *
Okay, then.
You barely miss something.
You feel less confused.
You feel sick. Something hits you.
* * * LOW HITPOINT WARNING * * *
You are lethally poisoned!
Something hits you.
* * * LOW HITPOINT WARNING * * *
Okay, then.
You shoot an arrow.
* * * LOW HITPOINT WARNING * * *
You feel very sick.
You hear some strange, mumbled words.
A puff of flame appears from out of thin air!
The puff of flame hits you.
You die...

############### ####
#.............+ ...#
#.....^.......# ...#
#.............# ..#
##...###'###.{##..##...
##..##.....##.@).......
#...#.......####.......
#...#.......#.# .......
##..'...∩...'.. .......
##).#.......# .......
#...#.......# ..##'##
#...##.....#### ..# ...
########'###..# ... ..
##.....#......#


There were no monsters in sight!

Vanquished Creatures
  Grinder (D:6)
  Duvessa (D:6)
  A black bear (D:5)
  2 ogres
  A centaur (D:6)
  A phantom (D:5)
  5 scorpions
  Dowan (D:6)
  A hound (D:4)
  2 orc priests
  2 iguanas (D:5)
  An orc wizard (D:3)
  8 adders
  3 gnolls (D:5)
  2 white imps
  A worm (D:4)
  3 dart slugs
  13 orcs
  7 endoplasms
  3 giant cockroaches
  6 goblins
  3 hobgoblins
  3 jackals (D:3)
  5 quokkas
  9 ball pythons
  14 bats
  5 frilled lizards
  7 kobolds
  2 rats (D:1)
113 creatures vanquished.

Vanquished Creatures (others)
  3 fungi (D:4)
  A plant (D:4)
4 creatures vanquished.

Grand Total: 117 creatures vanquished

Notes
Turn   | Place    | Note
-------+----------+-------------------------------------------
     0 | D:1      | zenocrate the Gnoll Hunter began the quest for the Orb.
     0 | D:1      | Reached XP level 1. HP: 20/20 MP: 1/1
    71 | D:1      | Reached XP level 2. HP: 26/26 MP: 2/2
   424 | D:1      | Reached XP level 3. HP: 30/31 MP: 3/3
   725 | D:2      | Reached skill level 1 in Invocations
  1174 | D:2      | Reached skill level 1 in Short Blades
  1174 | D:2      | Reached skill level 1 in Long Blades
  1174 | D:2      | Reached skill level 1 in Axes
  1174 | D:2      | Reached skill level 1 in Maces & Flails
  1174 | D:2      | Reached skill level 1 in Polearms
  1174 | D:2      | Reached skill level 1 in Staves
  1174 | D:2      | Reached skill level 1 in Throwing
  1174 | D:2      | Reached skill level 1 in Armour
  1174 | D:2      | Reached skill level 1 in Shields
  1174 | D:2      | Reached skill level 1 in Unarmed Combat
  1174 | D:2      | Reached skill level 1 in Spellcasting
  1174 | D:2      | Reached skill level 1 in Evocations
  1310 | D:2      | Reached XP level 4. HP: 38/38 MP: 5/5
  1638 | D:3      | Reached skill level 1 in Conjurations
  1638 | D:3      | Reached skill level 1 in Hexes
  1638 | D:3      | Reached skill level 1 in Summonings
  1638 | D:3      | Reached skill level 1 in Necromancy
  1638 | D:3      | Reached skill level 1 in Translocations
  1638 | D:3      | Reached skill level 1 in Transmutations
  1638 | D:3      | Reached skill level 1 in Fire Magic
  1638 | D:3      | Reached skill level 1 in Ice Magic
  1638 | D:3      | Reached skill level 1 in Air Magic
  1638 | D:3      | Reached skill level 1 in Earth Magic
  1638 | D:3      | Reached skill level 1 in Poison Magic
  1645 | D:3      | Reached XP level 5. HP: 33/43 MP: 5/7
  1859 | D:3      | Found an iron altar of Okawaru.
  2236 | D:4      | Found a burning altar of Makhleb.
  2236 | D:4      | Noticed a balrug
  2502 | D:4      | Reached XP level 6. HP: 50/50 MP: 8/8
  2812 | D:4      | Reached skill level 5 in Fighting
  2812 | D:4      | Reached skill level 5 in Dodging
  3192 | D:4      | Found a staircase to the Ecumenical Temple.
  3360 | D:4      | Found a hazy altar of Hepliaklqana.
  3379 | D:4      | Reached XP level 7. HP: 46/56 MP: 10/10
  3406 | Temple   | Entered the Ecumenical Temple
  3537 | D:4      | Identified the +1 robe "Dunutzeg" {Int+5}
  3687 | D:4      | Noticed an orange demon
  3687 | D:4      | Noticed a smoke demon
  3689 | D:4      | Became a worshipper of Makhleb the Destroyer
  4171 | D:5      | Entered Level 5 of the Dungeon
  4498 | D:5      | Found Kouggosa's Book Boutique.
  4623 | D:5      | Reached skill level 9 in Ranged Weapons
  4968 | D:5      | Reached XP level 8. HP: 25/63 MP: 12/12
  5434 | D:6      | Noticed Duvessa
  5434 | D:6      | Noticed Dowan
  5456 | D:6      | Killed Duvessa
  5458 | D:6      | Killed Dowan
  5687 | D:6      | Found a broken altar of Ashenzari.
  5910 | D:6      | Noticed Grinder
  5939 | D:6      | Killed Grinder
  6174 | D:6      | HP: 2/64 [poisoned by an orc wizard]
  6174 | D:6      | Killed from afar by an orc wizard

Illustrated notes

Levels and vault maps discovered:
D:1:      nzn_arrival_settlement, layout_basic, minmay_split_cup_large
D:2:      layout_basic
D:3:      layout_loops_cross, okawaru_metal_pillars_1_2
D:4:      old_forge, layout_layer_cave, makhleb_altar_promises_db,
          nicolae_hepliaklqana_hazy_memory, minmay_temple_entry_statues,
          minmay_misc_feat_tiny, nrook_mini_backslash
D:5:      layout_basic, serial_shops, shop
D:6:      layout_gridville, kennysheep_mini, kennysheep_flooded_box,
          uniq_duvessa, uniq_grinder, uniq_pikel
Temple:   dshaligram_water_room_temple

Skill      XL: |  1  2  3  4  5  6  7  8 |
---------------+-------------------------+-----
Invocations    | 1 2 3 4 |  4.0
Short Blades   | 1 2 3 |  3.6
Long Blades    | 1 2 3 |  3.6
Axes           | 1 2 3 |  3.6
Maces & Flails | 1 2 3 |  3.6
Polearms       | 1 2 3 |  3.6
Staves         | 1 2 3 |  3.6
Throwing       | 1 2 3 |  3.6
Armour         | 1 2 3 |  3.6
Shields        | 1 2 3 |  3.6
Unarmed Combat | 1 2 3 |  3.6
Spellcasting   | 1 2 3 |  3.6
Evocations     | 1 2 3 |  3.6
Conjurations   | 1 2 3 |  3.0
Hexes          | 1 2 3 |  3.0
Summonings     | 1 2 3 |  3.0
Necromancy     | 1 2 3 |  3.0
Translocations | 1 2 3 |  3.0
Transmutations | 1 2 3 |  3.0
Fire Magic     | 1 2 3 |  3.0
Ice Magic      | 1 2 3 |  3.0
Air Magic      | 1 2 3 |  3.0
Earth Magic    | 1 2 3 |  3.0
Poison Magic   | 1 2 3 |  3.0
Stealth        | 3 4 |  4.4
Fighting       | 5 |  5.9
Dodging        | 5 |  5.9
Ranged Weapons | 9 |  9.3

Action                     |  1- 3 |  4- 6 |  7- 9 || total
---------------------------+-------+-------+-------++-------
  Melee: Unarmed           |       |     5 |       ||     5
         Bite              |       |     1 |     1 ||     2
         Punch             |       |     1 |       ||     1
         Shortbow          |       |       |     5 ||     5
   Fire: Shortbow          |   107 |   172 |   178 ||   457
    Use: Scroll            |     3 |     2 |     3 ||     8
         Potion            |       |     1 |     2 ||     3
 Armour: Leather armour    |     4 |    24 |     1 ||    29
         Robe              |       |       |     7 ||     7
         Skin              |       |       |    28 ||    28
  Dodge: Dodged            |    23 |    84 |    79 ||   186

Table legend: (Time is in decaauts)
 A = Elapsed time spent in this place.
 B = Non-inter-level travel time spent in this place.
 C = Inter-level travel time spent in this place.
 D = Time resting spent in this place.
 E = Time spent auto-exploring this place.
 F = Levels seen in this place.
 G = Mean time per level.
                   A        B        C        D        E       F      G
               +--------+--------+--------+--------+--------+-----+--------+
         Total |   6221 |   5903 |    318 |    280 |   4815 |   7 |  888.7 |
       Dungeon |   6123 |   5827 |    296 |    280 |   4750 |   6 | 1020.5 |
        Temple |     98 |     76 |     22 |      0 |     65 |   1 |   98.0 |
               +--------+--------+--------+--------+--------+-----+--------+

Top non-repeatable levels by time:
     D:4: 1876 daAuts
     D:5: 1137 daAuts
     D:2: 1001 daAuts
     D:6: 874 daAuts
     D:3: 631 daAuts
     D:1: 602 daAuts
  Temple: 98 daAuts
